 Dungeon Crawl Stone Soup version 0.20.0-14-g326068f (webtiles) character file.

542069 Gorglomux the Acrobat (level 27, 0/199 HPs)
             Began as a Halfling Monk on June 8, 2017.
             Was a High Priest of Okawaru.
             Killed from afar by an orb of fire (18 damage)
             ... with a bolt of fire
             ... on level 5 of the Realm of Zot.
             The game lasted 02:46:09 (59665 turns).

Gorglomux the Acrobat (Halfling Monk)              Turns: 59665, Time: 02:46:10

Health: 0/199      AC: 38    Str: 13    XL:     27
Magic:  25/31      EV: 34    Int:  9    God:    Okawaru [*****.]
Gold:   2594       SH: 16    Dex: 28    Spells: 26/26 levels left

rFire    + + .     SeeInvis .   b - +9 fustibalus (freeze) {god gift}
rCold    . . .     Gourm    .   A - +3 buckler {AC+3}
rNeg     + + +     Faith    .   u - +1 fire dragon scales
rPois    +         Spirit   .   k - +2 helmet "Qaull" {+Blink rPois rCorr Stlth+}
rElec    .         Reflect  +   c - +2 cloak {+Inv} {god gift}
rCorr    +         Harm     .   Y - +2 pair of gloves of Nysyakhu {-Cast +Fly rN+++}
MR       ++...     NoCast   +   s - +2 pair of boots {Stlth+} {god gift}
Stlth    ++++++++++             h - +3 amulet of reflection
Regen    0.5/turn               y - +5 ring of slaying
MPRegen  0.3/turn               N - ring of protection from cold

@: heroism, finesse, hasted, very quick
A: mutation resistance 1
}: 3/15 runes: decaying, serpentine, abyssal
a: Heroism, Finesse, Renounce Religion, Evoke Blink, Evoke Invisibility, Evoke
Flight


You were on level 5 of the Realm of Zot.
You worshipped Okawaru.
Okawaru was extremely pleased with you.
You were hungry.

You visited 8 branches of the dungeon, and saw 44 of its levels.
You visited the Abyss 1 time.
You also visited: Sewer.

You collected 4583 gold pieces.
You spent 1989 gold pieces at shops.

Inventory:

Hand Weapons
 a - the +7 Spriggan's Knife {god gift, MR+ EV+4 Dex+4 Stlth+}
   (Okawaru gifted it to you on level 4 of the Lair of Beasts)

   It affects your evasion (+4).
   It affects your dexterity (+4).
   It affects your resistance to hostile enchantments.
   It makes you more stealthy.
 b - a +9 fustibalus of freezing (weapon) {god gift}
Missiles
 g - 704 stones
 w - 420 sling bullets (quivered)
 Z - a throwing net
Armour
 c - a +2 cloak of invisibility (worn) {god gift}
 k - the +2 helmet "Qaull" (worn) {+Blink rPois rCorr Stlth+}
   (You acquired it on level 4 of the Realm of Zot)

   It protects you from poison.
   It lets you blink.
   It protects you from acid and corrosion.
   It makes you more stealthy.
 s - a +2 pair of boots of stealth (worn) {god gift}
 t - a +2 helmet of see invisible {god gift}
 u - +1 fire dragon scales (worn)
 A - a +3 buckler of protection (worn)
 K - a +2 shield of protection {god gift}
 Y - the +2 pair of gloves of Nysyakhu (worn) {-Cast +Fly rN+++}
   (You acquired it on level 4 of the Depths)

   It renders you almost immune to negative energy.
   It lets you fly.
   It prevents spellcasting.
Jewellery
 h - a +3 amulet of reflection (around neck)
 v - the ring "Cofitafy" {+Fly rF+ rC- Int+6 Stlth+}
   (You found it on level 4 of the Depths)

   [ring of flight]

   It affects your intelligence (+6).
   It protects you from fire.
   It makes you vulnerable to cold.
   It lets you fly.
   It makes you more stealthy.
 y - a +5 ring of slaying (left hand)
 N - a ring of protection from cold (right hand)
 S - a ring of the Octopus King {rCorr AC+1 EV+1 Str+1 Int+1 Dex+1}
   (You found it on level 3 of the Depths)

   [ring of resist corrosion]

   It affects your AC (+1).
   It affects your evasion (+1).
   It affects your strength (+1).
   It affects your intelligence (+1).
   It affects your dexterity (+1).
Wands
 D - a wand of digging (15/24)
 I - a wand of iceblast (5/15)
 O - a wand of clouds (4/9)
Scrolls
 e - 14 scrolls of remove curse
 j - a scroll of silence
 o - 5 scrolls of recharging
 p - 7 scrolls of immolation
 B - 9 scrolls of blinking
 F - 9 scrolls of fog
 J - 6 scrolls of fear
 M - 9 scrolls of magic mapping
 P - 4 scrolls of summoning
 T - 24 scrolls of teleportation
Potions
 d - 2 potions of mutation {!q}
 l - 3 potions of might
 m - a potion of agility
 n - 7 potions of cancellation
 q - a potion of berserk rage
 r - a potion of magic
 C - 8 potions of flight
 E - 9 potions of haste
 G - 3 potions of resistance
 Q - 25 potions of curing
Books
 R - a book of Necromancy

   Spells                             Type                      Level
   a - Pain                           Necromancy                   1
   b - Animate Skeleton               Necromancy                   1
   c - Vampiric Draining              Necromancy                   3
   d - Regeneration                   Charms/Necromancy            3
   e - Animate Dead                   Necromancy                   4
   f - Control Undead                 Necromancy                   4
Miscellaneous
 U - 3 boxes of beasts
 V - a phantom mirror
 W - 2 sacks of spiders
 X - a phial of floods (inert)
Comestibles
 i - a royal jelly
 x - a fruit
 z - 12 meat rations
 L - 22 bread rations


   Skills:
 + Level 19.3(24.3) Fighting
 - Level 12.5(17.5) Short Blades
 - Level 14.1(19.1) Slings
 + Level 20.8(25.8) Armour
 + Level 21.9(26.9) Dodging
 + Level 21.4(26.4) Stealth
 - Level 7.8(12.8) Shields
 - Level 10.0 Invocations
 + Level 11.0 Evocations


You had 26 spell levels left.
You didn't know any spells.

Dungeon Overview and Level Annotations

Branches:
Dungeon (15/15)            Temple (0/1) D:6            Lair (6/6) D:11
  Swamp (4/4) Lair:2        Snake (4/4) Lair:2        Slime (0/5) Lair:6
    Orc (2/2) D:9             Elf (0/3) Orc:2        Vaults (3/5) D:14
  Crypt (0/3) Vaults:3     Depths (5/5) D:15            Zot (5/5) Depths:5

Altars:
Ashenzari
Cheibriados
Kikubaaqudgha
Okawaru
Ru
Trog
Uskayaw
Yredelemnul
The Shining One

Shops:
D:4 *   D:9 ??   D:11 :   D:12 [   D:13 [   Orc:2 ?((!   Vaults:1 :
Vaults:3 ?   Depths:4 [=}=

Portals:
Hell: Depths:1 Depths:2 Depths:3 Depths:4 Depths:5
Abyss: Depths:4
Pandemonium: Depths:1 Depths:3 Depths:5
Ziggurat: Depths:3
Trove: D:13 (give +4 storm dragon scales)

Annotations:
D:10 Sonja
Lair:1 exclusion: 2 oklob plants
Swamp:4 exclusion: Roxanne, Roxanne
Depths:2 exclusion: orange crystal statue
Zot:1 exclusion: door


Innate Abilities, Weirdness & Mutations

You are small and have problems with some larger weapons.
You are somewhat resistant to further mutation.


Message History

The orb of fire is almost destroyed.
The orb of fire glows yellow.
The fireball explodes!
The fireball engulfs you! You resist.
* * * LOW HITPOINT WARNING * * *
The fireball engulfs the orb of fire.
The orb of fire completely resists.
Firing (i - inventory. (,) - cycle):
w - 422 sling bullets (quivered)
Press: ? - help, Shift-Dir - straight line, f/p - orb of fire
Aim: an orb of fire (almost destroyed)
You shoot a sling bullet. The sling bullet hits the orb of fire!
The sling bullet freezes the orb of fire.
The orb of fire is almost destroyed.
Firing (i - inventory. (,) - cycle):
w - 421 sling bullets (quivered)
Press: ? - help, Shift-Dir - straight line, f/p - orb of fire
Aim: an orb of fire (almost destroyed)
You shoot a sling bullet.
The sling bullet hits the orb of fire but does no damage.
The orb of fire is almost destroyed.
The orb of fire glows deep purple.
The bolt of fire hits you! You resist.
You die...

▓▓...................(.
▓▓..............*(....
▓▓................(.(..
▓▓...........(.....(....
▓................^......
▓...^.....(....§...*..[.
▓▓......................
▓▓...^...............▓▓
▓▓▓▓.@*.....(....▓▓▓▓
▓▓▓▓▓▓▓▓▓▓▓▓▓▓▓


You could see an orb of fire.

Vanquished Creatures
  7 orbs of fire
  Mara (Depths:1)
  6 ancient liches (Zot:5)
  A juggernaut (Depths:3)
  A shard shrike (Zot:3)
  Margery (Vaults:2)
  A curse toe (Zot:4)
  Vashnia (Snake:4)
  2 Killer Klowns (Zot:5)
  8 golden dragons
  2 bone dragons
  An electric golem (Zot:5)
  4 liches
  7 tentacled monstrosities
  16 Orb Guardians (Zot:5)
  4 quicksilver dragons
  5 death cobs
  4 thorn hunters
  4 storm dragons
  2 sphinxes
  3 shadow dragons
  Kirke (Swamp:2)
  Donald (Snake:3)
  7 nagarajas
  6 tengu reavers
  6 fire giants
  4 draconian monks
  6 frost giants
  5 draconian scorchers
  3 draconian knights (Zot:4)
  Aizul (Snake:3)
  2 iron dragons (Depths:4)
  3 ghost moths (Zot:4)
  2 draconian shifters
  5 vault wardens
  A balrug (Depths:3)
  3 draconian stormcallers
  A reaper (Abyss:3)
  6 ironheart preservers
  22 stone giants
  25 very ugly things
  2 entropy weavers (Lair:6)
  5 draconian annihilators
  5 vampire knights
  9 green draconians
  4 black draconians
  A deep elf annihilator (Depths:5)
  A purple draconian (Zot:4)
  12 red draconians
  14 white draconians
  8 spark wasps
  4 yellow draconians
  The ghost of no0bjke the Cleaver, a journeyman GrFi of Okawaru (Lair:5)
  7 ettins
  A blizzard demon (Depths:1)
  7 yaktaur captains
  A great orb of eyes (shapeshifter) (Depths:5)
  4 jiangshi
  4 rakshasas
  11 fire dragons
  5 great orbs of eyes
  16 ice dragons
  Erolcha (D:10)
  A ghost crab (Swamp:3)
  An anaconda (shapeshifter) (Depths:3)
  9 naga warriors
  5 spriggan air magi
  A caustic shrike simulacrum (Depths:1)
  21 hydras
  7 centaur warriors
  10 ogre magi
  Erica (D:8)
  36 two-headed ogres
  7 deep troll shamans
  A death knight (D:13)
  6 vault guards
  6 anacondas
  A queen ant (Lair:6)
  12 alligators
  5 tengu warriors
  3 vampire magi
  9 deep troll earth magi
  5 spriggan berserkers
  3 sun demons
  14 naga sharpshooters
  The ghost of appiemonkey the Fighter, a novice GrFi of Okawaru (D:8)
  5 shock serpents
  4 orc high priests (Orc:2)
  2 deep elf knights
  Nergalle (Lair:1)
  A spriggan (Depths:2)
  4 wretched stars
  4 iron trolls
  5 hell knights (Vaults:2)
  2 salamander mystics (Snake:4)
  5 skeletal warriors (Vaults:2)
  2 sea snakes (Snake:4)
  28 deep trolls
  An unseen horror (D:10)
  2 starcursed masses (Abyss:2)
  13 swamp dragons
  3 spriggan druids
  3 glowing orange brains
  A flayed ghost (Depths:3)
  A phantasmal warrior (D:13)
  A shambling mangrove (Swamp:2)
  4 wizards
  6 ironbrand convokers
  4 naga ritualists
  2 deep elf archers
  2 lindwurms (Lair:6)
  7 orc knights
  3 harpies (Vaults:1)
  A harpy (shapeshifter) (Vaults:1)
  2 necromancers
  2 orb spiders (shapeshifter)
  6 mana vipers
  36 ugly things
  A wolf spider (Vaults:2)
  3 orc sorcerers
  A salamander (shapeshifter) (Depths:2)
  A manticore (D:13)
  5 deep elf magi
  6 salamanders
  An iron dragon zombie (Depths:1)
  5 cyclopes
  22 elephants
  17 moths of wrath
  A stone giant skeleton (Depths:1)
  2 centaur zombies (D:15)
  30 black mambas
  A rust devil (Depths:4)
  3 vault sentinels
  A black mamba (shapeshifter) (Depths:4)
  Joseph (D:8)
  11 guardian serpents
  Maurice (D:8)
  17 naga magi
  5 torpor snails (Lair:6)
  18 spiny frogs
  3 gargoyles
  A hellion (Abyss:1)
  A demonic crawler (Abyss:1)
  An efreet (Zot:4)
  8 komodo dragons
  2 komodo dragons (shapeshifter)
  A kobold demonologist (D:14)
  5 rime drakes
  41 yaktaurs
  2 hellwings
  An ice devil (D:13)
  An ancient zyme (Abyss:2)
  5 tengu conjurers
  2 freezing wraiths (D:13)
  A red devil (Depths:1)
  A harpy zombie (Abyss:2)
  A jumping spider (shapeshifter) (D:15)
  2 merfolk
  4 trolls
  3 blink frogs (Lair:3)
  16 hornets
  A hornet (shapeshifter) (Depths:2)
  5 meliai (Abyss:3)
  A queen bee (Abyss:3)
  A tengu simulacrum (Vaults:3)
  4 bog bodies
  An ice dragon zombie (Depths:1)
  9 tyrant leeches
  7 raiju
  A frost giant simulacrum (Vaults:3)
  7 hippogriffs
  40 slime creatures
  3 shadows
  22 fire elementals (Zot:4)
  48 yaks
  3 air elementals (Depths:3)
  2 vampires (D:14)
  A human (Swamp:2)
  A water elemental (Depths:4)
  3 wraiths
  4 wyverns
  4 hungry ghosts
  28 vampire mosquitoes
  10 basilisks
  5 steam dragons
  2 neqoxecs
  5 wargs
  20 swamp worms
  A warg (shapeshifter) (Depths:1)
  59 nagas
  2 hydra simulacra (Zot:3)
  2 large abominations (Abyss:2)
  2 acid dragons (Lair:6)
  16 soldier ants (Lair:6)
  8 water moccasins
  A floating eye (shapeshifter) (Depths:3)
  9 porcupines
  Duvessa (D:7)
  3 hell hounds (Abyss:1)
  A floating eye (Depths:3)
  2 small abominations
  10 swamp drakes
  A sky beast (D:13)
  5 ice beasts
  31 orc warriors
  3 phantoms
  9 black bears
  An eye of draining (D:14)
  11 centaurs
  34 ogres
  14 boggarts
  17 wolves
  A crocodile (shapeshifter) (Depths:4)
  21 crocodiles
  2 big kobolds
  21 bullfrogs
  4 gnoll sergeants (D:10)
  6 scorpions
  Dowan (D:7)
  12 killer bees
  24 wights
  10 electric eels
  A howler monkey (D:5)
  9 crimson imps
  A human simulacrum (Vaults:3)
  A bullfrog zombie (D:9)
  A quasit (D:14)
  12 hounds
  6 jellies
  8 centaur skeletons
  47 orc priests
  7 gnoll shamans
  8 iguanas
  An iron imp (Abyss:2)
  Jessica (D:2)
  2 bullfrog skeletons
  34 orc wizards
  Ijyb (D:2)
  Natasha (twice) (D:2)
  22 worker ants
  4 hound zombies
  2 howler monkey zombies
  A worker ant zombie (D:5)
  53 gnolls
  14 adders
  4 river rats
  5 shadow imps
  6 white imps
  2 oozes (Lair:6)
  2 adder zombies (D:5)
  4 worms
  2 dart slugs (D:1)
  8 leopard geckos
  102 orcs
  7 bats
  8 giant cockroaches
  11 goblins
  14 hobgoblins
  23 jackals
  10 quokkas
  5 ball pythons
  9 frilled lizards
  13 kobolds
  A leopard gecko skeleton (D:4)
  A quokka skeleton (D:4)
  9 rats
  2 plants
1966 creatures vanquished.

Vanquished Creatures (collateral kills)
  4 soldier ants (Lair:6)
  A worker ant (Lair:6)
5 creatures vanquished.

Vanquished Creatures (others)
  A fire giant (Depths:3)
  A very ugly thing (Depths:5)
  A white draconian (Zot:5)
  A yaktaur captain (Depths:4)
  Fannar (D:10)
  A two-headed ogre (Depths:1)
  A naga sharpshooter (Snake:4)
  A deep elf archer (Vaults:2)
  A moth of wrath (Zot:5)
  7 yaktaurs
  A human (Swamp:2)
  A vampire mosquito (Swamp:2)
  A soldier ant (Lair:6)
  An ogre (Depths:1)
  A boggart (Depths:3)
  A centaur (D:15)
  2 bushes (Depths:4)
  29 fungi
  48 plants
101 creatures vanquished.

Grand Total: 2072 creatures vanquished

Notes
Turn   | Place    | Note
-------+----------+-------------------------------------------
     0 | D:1      | Gorglomux the Halfling Monk began the quest for the Orb.
     0 | D:1      | Reached XP level 1. HP: 15/15 MP: 1/1
    56 | D:1      | Reached XP level 2. HP: 8/20 MP: 2/2
   650 | D:1      | Reached XP level 3. HP: 25/25 MP: 3/3
   684 | D:1      | Reached skill level 3 in Fighting
  1564 | D:2      | Noticed Natasha
  1571 | D:2      | Killed Natasha
  1571 | D:2      | Reached skill level 3 in Stealth
  1571 | D:2      | Reached XP level 4. HP: 31/31 MP: 4/4
  1597 | D:2      | Noticed Natasha
  2077 | D:2      | Noticed Jessica
  2079 | D:2      | Killed Jessica
  2079 | D:2      | Reached XP level 5. HP: 36/36 MP: 5/5
  2454 | D:2      | Killed Natasha
  2699 | D:3      | Noticed Ijyb
  2733 | D:2      | Killed Ijyb
  2733 | D:2      | Reached XP level 6. HP: 18/42 MP: 6/6
  3533 | D:3      | Reached skill level 1 in Slings
  3904 | D:4      | Noticed an ogre
  3909 | D:4      | Noticed an ogre
  3926 | D:4      | Killed an ogre
  3926 | D:4      | Reached XP level 7. HP: 42/48 MP: 7/7
  4077 | D:4      | Reached skill level 3 in Slings
  4219 | D:4      | Reached skill level 6 in Short Blades
  4401 | D:4      | Reached XP level 8. HP: 18/54 MP: 8/8
  4994 | D:4      | Found Vacsoi's General Store.
  5001 | D:4      | Bought a scroll of remove curse for 39 gold pieces
  5001 | D:4      | Bought a potion of curing for 39 gold pieces
  5046 | D:5      | Entered Level 5 of the Dungeon
  5276 | D:5      | Found a glowing drain.
  5297 | Sewer    | Entered a sewer
  5398 | Sewer    | Reached skill level 6 in Dodging
  5415 | Sewer    | Found a white marble altar of Elyvilon.
  6115 | D:5      | Found an iron altar of Okawaru.
  6163 | D:5      | Became a worshipper of Warmaster Okawaru
  6163 | D:5      | Reached * piety under Okawaru
  6163 | D:5      | Reached ** piety under Okawaru
  6499 | D:5      | Reached XP level 9. HP: 56/61 MP: 9/9
  6503 | D:5      | Reached skill level 6 in Slings
  7430 | D:5      | Reached skill level 6 in Fighting
  8082 | D:6      | Found a sacrificial altar of Ru.
  8243 | D:6      | Found a staircase to the Ecumenical Temple.
  8355 | D:6      | Reached *** piety under Okawaru
  8355 | D:6      | Reached XP level 10. HP: 65/69 MP: 10/10
  9183 | D:7      | Reached skill level 1 in Armour
  9461 | D:7      | Noticed Dowan
  9464 | D:7      | Noticed Duvessa
  9479 | D:7      | Killed Dowan
  9521 | D:7      | Killed Duvessa
  9705 | D:7      | Got a brightly glowing ring mail
  9716 | D:7      | Identified the +4 ring mail of Zomp {rPois Regen+ Int+4 Dex+2} (You found it on level 7 of the Dungeon)
  9803 | D:8      | Noticed Joseph
  9815 | D:8      | Killed Joseph
  9815 | D:8      | Received a gift from Okawaru
  9815 | D:8      | Reached skill level 9 in Short Blades
  9815 | D:8      | Reached skill level 9 in Slings
  9914 | D:8      | Noticed appiemonkey's ghost (novice GrFi)
  9990 | D:8      | Killed appiemonkey's ghost
  9990 | D:8      | Reached **** piety under Okawaru
  9990 | D:8      | Reached skill level 3 in Armour
 10205 | D:8      | Noticed Erica
 10217 | D:8      | Killed Erica
 10332 | D:8      | Noticed Maurice
 10339 | D:8      | Killed Maurice
 10339 | D:8      | Reached skill level 9 in Dodging
 10339 | D:8      | Reached XP level 11. HP: 75/75 MP: 11/11
 10357 | D:8      | Noticed a two-headed ogre
 10464 | D:8      | Killed a two-headed ogre
 10464 | D:8      | Reached ***** piety under Okawaru
 10464 | D:8      | Received a gift from Okawaru
 10675 | D:9      | Found Pocets's Magic Scroll Emporium.
 10683 | D:9      | Bought a scroll of identify for 26 gold pieces
 10683 | D:9      | Bought a scroll of summoning for 123 gold pieces
 10683 | D:9      | Bought a scroll of magic mapping for 45 gold pieces
 10683 | D:9      | Bought a scroll of teleportation for 39 gold pieces
 10683 | D:9      | Bought a scroll of enchant armour for 97 gold pieces
 10683 | D:9      | Bought a scroll of identify for 26 gold pieces
 10683 | D:9      | Bought a scroll of identify for 26 gold pieces
 10770 | D:9      | Received a gift from Okawaru
 10791 | D:9      | Found Pofreu's Magic Scroll Boutique.
 10817 | D:9      | Noticed a cyan ugly thing
 10831 | D:9      | Killed a cyan ugly thing
 10951 | D:9      | Found a staircase to the Orcish Mines.
 11097 | D:9      | Found a hide-covered altar of Uskayaw.
 11182 | D:9      | Reached skill level 1 in Invocations
 11346 | D:9      | Bought a scroll of enchant weapon for 105 gold pieces
 11346 | D:9      | Bought a scroll of fear for 49 gold pieces
 11466 | D:10     | Entered Level 10 of the Dungeon
 11506 | D:10     | Noticed a two-headed ogre
 11539 | D:10     | Killed a two-headed ogre
 11679 | D:10     | Noticed a two-headed ogre
 11681 | D:10     | Noticed an unseen horror
 11692 | D:10     | Killed a two-headed ogre
 11692 | D:10     | Received a gift from Okawaru
 11706 | D:10     | Killed an unseen horror
 11876 | D:10     | Noticed a two-headed ogre
 11891 | D:10     | Killed a two-headed ogre
 11891 | D:10     | Reached skill level 3 in Invocations
 11891 | D:10     | Reached XP level 12. HP: 68/84 MP: 11/14
 11943 | D:10     | Reached skill level 6 in Armour
 12044 | D:10     | Received a gift from Okawaru
 12088 | D:10     | Noticed Fannar
 12126 | D:10     | Noticed Sonja
 12381 | D:10     | Found a bloodstained altar of Trog.
 12883 | D:10     | Noticed Erolcha
 12961 | D:10     | Killed Erolcha
 12961 | D:10     | Reached skill level 12 in Slings
 13053 | D:10     | Killed Fannar
 13053 | D:10     | Reached skill level 9 in Fighting
 13435 | D:11     | Found Vuoggeaf's Book Shop.
 13453 | D:11     | Noticed a two-headed ogre
 13463 | D:11     | Killed a two-headed ogre
 13842 | D:11     | Found a staircase to the Lair.
 13926 | D:11     | Reached XP level 13. HP: 65/90 MP: 16/16
 14232 | Lair:1   | Entered Level 1 of the Lair of Beasts
 14339 | Lair:1   | Received a gift from Okawaru
 14531 | Lair:1   | Noticed Nergalle
 14549 | Lair:1   | Killed Nergalle
 15129 | Lair:1   | Reached skill level 6 in Invocations
 15350 | Lair:2   | Reached skill level 12 in Short Blades
 15482 | Lair:2   | Found a staircase to the Swamp.
 15970 | Lair:2   | Found a staircase to the Snake Pit.
 16434 | Lair:3   | Received a gift from Okawaru
 17303 | Lair:4   | Received a gift from Okawaru
 17823 | Lair:5   | Noticed no0bjke's ghost (journeyman GrFi)
 17824 | Lair:5   | Reached skill level 12 in Dodging
 17871 | Lair:5   | Reached skill level 9 in Armour
 17901 | Lair:4   | Reached XP level 14. HP: 79/99 MP: 19/19
 17984 | Lair:5   | Killed no0bjke's ghost
 19245 | Lair:6   | Entered Level 6 of the Lair of Beasts
 19258 | Lair:6   | Found a staircase to the Slime Pits.
 19340 | Lair:6   | Noticed an entropy weaver
 19358 | Lair:6   | Received a gift from Okawaru
 19380 | Lair:6   | Found a runed door.
 19408 | Lair:6   | Reached skill level 1 in Evocations
 19467 | Lair:6   | Reached skill level 6 in Stealth
 19498 | Lair:6   | Noticed an entropy weaver
 19510 | Lair:6   | Killed an entropy weaver
 19510 | Lair:6   | Received a gift from Okawaru
 19781 | Lair:6   | Received a gift from Okawaru
 19883 | Lair:6   | Killed an entropy weaver
 20011 | Lair:6   | Received a gift from Okawaru
 20020 | Lair:6   | Reached skill level 9 in Invocations
 20490 | Lair:6   | Received a gift from Okawaru
 20595 | Lair:6   | Reached XP level 15. HP: 104/106 MP: 21/21
 20823 | Lair:6   | Reached skill level 3 in Evocations
 21308 | Lair:6   | Received a gift from Okawaru
 22099 | D:12     | Received a gift from Okawaru
 22292 | D:12     | Found Manymaum's Armour Emporium.
 22616 | D:13     | Found Wuserghyzyz's Armour Shop.
 22911 | D:13     | Received a gift from Okawaru
 22949 | D:13     | Identified a scroll of acquirement
 22951 | D:13     | Got a jewelled hunting sling
 22952 | D:13     | Identified the +10 hunting sling of Duty {venom, rPois rC++ Str-2} (You acquired it on level 13 of the Dungeon)
 23155 | D:13     | Found a portal to a secret trove of treasure.
 23220 | D:13     | Received a gift from Okawaru
 23611 | D:14     | Found a gate to the Vaults.
 23630 | D:14     | Reached skill level 9 in Stealth
 23642 | D:14     | Reached XP level 16. HP: 102/114 MP: 16/23
 23905 | D:14     | Received a gift from Okawaru
 24065 | D:14     | Reached skill level 12 in Fighting
 24594 | D:15     | Entered Level 15 of the Dungeon
 25085 | D:15     | Found a staircase to the Depths.
 25086 | D:15     | Noticed a fire giant
 25101 | D:15     | Paralysed by a wizard for 2 turns
 25116 | D:15     | Killed a fire giant
 25216 | D:15     | Found a glowing golden altar of the Shining One.
 25282 | D:15     | Reached skill level 12 in Armour
 25789 | D:9      | You fall through a shaft for 3 floors!
 25898 | Orc:1    | Entered Level 1 of the Orcish Mines
 26186 | Orc:2    | Entered Level 2 of the Orcish Mines
 26616 | Orc:2    | Found Afapen's Weapon Shoppe.
 26617 | Orc:2    | Found Hubbil's Magic Scroll Emporium.
 26647 | Orc:2    | Received a gift from Okawaru
 26779 | Orc:2    | Found Umicar's Distillery.
 26779 | Orc:2    | Found Kiusem's Weapon Emporium.
 26817 | Orc:2    | Bought a potion of mutation for 112 gold pieces
 26817 | Orc:2    | Bought a potion of might for 56 gold pieces
 26817 | Orc:2    | Bought a potion of heal wounds for 70 gold pieces
 26817 | Orc:2    | Bought a potion of curing for 42 gold pieces
 26817 | Orc:2    | Bought a potion of haste for 140 gold pieces
 26817 | Orc:2    | Bought a potion of resistance for 140 gold pieces
 26817 | Orc:2    | Bought a potion of cancellation for 112 gold pieces
 26817 | Orc:2    | Bought a potion of resistance for 140 gold pieces
 26817 | Orc:2    | Bought a potion of curing for 42 gold pieces
 26820 | Orc:2    | Bought a scroll of fear for 56 gold pieces
 26820 | Orc:2    | Bought a scroll of fog for 32 gold pieces
 26820 | Orc:2    | Bought a scroll of enchant armour for 120 gold pieces
 26820 | Orc:2    | Bought a scroll of identify for 32 gold pieces
 26820 | Orc:2    | Bought a scroll of magic mapping for 56 gold pieces
 26820 | Orc:2    | Bought a scroll of enchant weapon for 120 gold pieces
 27056 | Orc:2    | Found a staircase to the Elven Halls.
 27083 | Orc:2    | Received a gift from Okawaru
 27265 | Orc:2    | Received a gift from Okawaru
 27888 | Snake:1  | Entered Level 1 of the Snake Pit
 27986 | Snake:1  | Reached XP level 17. HP: 102/121 MP: 24/24
 28402 | Snake:1  | Received a gift from Okawaru
 28839 | Snake:2  | Received a gift from Okawaru
 29078 | Snake:2  | Received a gift from Okawaru
 29979 | Snake:3  | Noticed Aizul
 30017 | Snake:3  | Killed Aizul
 30264 | Snake:3  | Received a gift from Okawaru
 30292 | Snake:3  | Reached skill level 15 in Dodging
 30728 | Snake:3  | Noticed Donald
 30736 | Snake:3  | Killed Donald
 30826 | Snake:3  | Reached skill level 12 in Stealth
 31025 | Snake:4  | Entered Level 4 of the Snake Pit
 31114 | Snake:4  | Received a gift from Okawaru
 31415 | Snake:4  | Noticed Vashnia
 31415 | Snake:4  | Received a gift from Okawaru
 31713 | Snake:4  | Received a gift from Okawaru
 31938 | Snake:4  | Reached XP level 18. HP: 101/129 MP: 25/25
 31997 | Snake:4  | Received a gift from Okawaru
 32131 | Snake:4  | Killed Vashnia
 32531 | Snake:4  | Received a gift from Okawaru
 32703 | Snake:4  | Received a gift from Okawaru
 32970 | Snake:4  | Got a serpentine rune of Zot
 33011 | Snake:4  | Got an ivory hunting sling {god gift}
 33012 | Snake:4  | Identified the +7 hunting sling of Bodily Harmony {god gift, venom, rPois rF+ Dex+3} (Okawaru gifted it to you on level 4 of the Snake Pit)
 33523 | Swamp:1  | Entered Level 1 of the Swamp
 33765 | Swamp:1  | Received a gift from Okawaru
 34661 | Swamp:2  | Noticed Kirke
 34687 | Swamp:2  | Killed Kirke
 34687 | Swamp:2  | Reached XP level 19. HP: 137/137 MP: 19/26
 34779 | Swamp:2  | Received a gift from Okawaru
 35164 | Swamp:2  | Received a gift from Okawaru
 36209 | Swamp:4  | Entered Level 4 of the Swamp
 36212 | Swamp:4  | Reached skill level 15 in Armour
 36241 | Swamp:4  | Noticed Roxanne
 36604 | Swamp:4  | Got a decaying rune of Zot
 37038 | Swamp:4  | Received a gift from Okawaru
 37690 | Vaults:1 | Entered Level 1 of the Vaults
 37716 | Vaults:1 | Reached skill level 15 in Fighting
 37780 | Vaults:1 | Received a gift from Okawaru
 38126 | Vaults:1 | Reached skill level 15 in Stealth
 38135 | Vaults:1 | Reached XP level 20. HP: 145/145 MP: 21/27
 38307 | Vaults:1 | Found Lyuweufi's Book Boutique.
 38926 | Vaults:2 | Received a gift from Okawaru
 39311 | Vaults:2 | Received a gift from Okawaru
 39351 | Vaults:2 | Gained mutation: Your body sometimes deteriorates upon taking damage. [a neqoxec]
 39524 | Vaults:2 | Received a gift from Okawaru
 39859 | Vaults:2 | Noticed Margery
 39878 | Vaults:2 | Killed Margery
 39901 | Vaults:2 | Received a gift from Okawaru
 39925 | Vaults:2 | Got a scorched chain mail {god gift}
 39953 | Vaults:2 | Identified the +3 chain mail of Trumpets {god gift, +Inv rElec rPois} (Okawaru gifted it to you on level 2 of the Vaults)
 41681 | Vaults:3 | Found Tunaegg's Magic Scroll Boutique.
 41744 | Vaults:3 | Bought a scroll of blinking for 105 gold pieces
 41807 | Vaults:3 | Found a staircase to the Crypt.
 41807 | Vaults:3 | Found an ancient bone altar of Kikubaaqudgha.
 41808 | Vaults:3 | Found a basalt altar of Yredelemnul.
 41829 | Vaults:3 | Reached XP level 21. HP: 145/153 MP: 28/28
 42098 | Vaults:3 | Reached ****** piety under Okawaru
 42274 | Depths:1 | Entered Level 1 of the Depths
 42345 | D:15     | Received a gift from Okawaru
 42502 | Depths:1 | Reached skill level 1 in Shields
 42526 | D:15     | Received a gift from Okawaru
 43294 | Depths:1 | Found a one-way gate leading to the halls of Pandemonium.
 43327 | Depths:1 | Reached skill level 3 in Shields
 43346 | Depths:1 | Reached skill level 18 in Dodging
 43392 | Depths:1 | Paralysed by an ogre mage for 7 turns
 43609 | Depths:1 | Noticed Mara
 43633 | Depths:1 | Killed Mara
 44062 | Depths:1 | Found a gateway to Hell.
 44706 | Depths:2 | Received a gift from Okawaru
 44928 | Depths:2 | Reached XP level 22. HP: 130/160 MP: 29/29
 45709 | Depths:2 | Reached skill level 6 in Shields
 46442 | Depths:3 | Noticed a juggernaut
 46738 | Depths:3 | Received a gift from Okawaru
 46853 | Depths:3 | Noticed a golden dragon
 46908 | Depths:3 | Killed a golden dragon
 46946 | Depths:3 | Killed a juggernaut
 46952 | Depths:3 | Received a gift from Okawaru
 47084 | Depths:3 | Noticed a golden dragon
 47098 | Depths:3 | Killed a golden dragon
 47448 | Depths:3 | Found a gateway to a ziggurat.
 47499 | Depths:3 | Identified the Disquisition on Shifting Unholy Arts
 47552 | Depths:3 | Received a gift from Okawaru
 47712 | Depths:3 | Reached XP level 23. HP: 146/167 MP: 30/30
 47928 | Depths:3 | Got a ring of the Octopus King
 47930 | Depths:3 | Identified a ring of the Octopus King {rCorr AC+1 EV+1 Str+1 Int+1 Dex+1} (You found it on level 3 of the Depths)
 48292 | Depths:3 | Received a gift from Okawaru
 48340 | Depths:4 | Found a one-way gate to the infinite horrors of the Abyss.
 48371 | Depths:4 | Got a pair of scorched gloves
 48382 | Depths:4 | Identified the +2 pair of gloves of Nysyakhu {-Cast +Fly rN+++} (You acquired it on level 4 of the Depths)
 48752 | Depths:4 | Found a shattered altar of Ashenzari.
 48774 | Depths:4 | Found Utapumn's Armour Shoppe.
 48878 | Depths:4 | Found Esepn's Jewellery Shop.
 48878 | Depths:4 | Found Jutsinte's Gadget Shoppe.
 48880 | Depths:4 | Found Epetar's Jewellery Shop.
 49282 | Depths:4 | Reached skill level 18 in Stealth
 49471 | Depths:4 | Reached skill level 18 in Armour
 49655 | Depths:4 | Paralysed by a sphinx for 7 turns
 49946 | Depths:4 | Noticed a golden dragon
 49963 | Depths:4 | Killed a golden dragon
 50208 | Depths:4 | Got a fine steel ring
 50274 | Depths:4 | Noticed a golden dragon
 50280 | Depths:4 | Killed a golden dragon
 50492 | Depths:5 | Entered Level 5 of the Depths
 50644 | Depths:5 | Noticed a golden dragon
 50659 | Depths:5 | Killed a golden dragon
 50659 | Depths:5 | Received a gift from Okawaru
 50693 | Depths:5 | Identified the ring "Cofitafy" {+Fly rF+ rC- Int+6 Stlth+} (You found it on level 4 of the Depths)
 50984 | Depths:5 | Found a gate to the Realm of Zot.
 51009 | Depths:5 | Reached XP level 24. HP: 173/175 MP: 30/30
 51048 | Depths:5 | Received a gift from Okawaru
 51711 | Depths:5 | Received a gift from Okawaru
 51819 | Depths:5 | Found a snail-covered altar of Cheibriados.
 52065 | Depths:5 | Received a gift from Okawaru
 53031 | Depths:4 | Voluntarily entered the Abyss.
 53260 | Abyss:2  | Found a corrupted altar of Lugonu.
 53590 | Abyss:3  | Got an abyssal rune of Zot
 53637 | Abyss:3  | Received a gift from Okawaru
 53656 | Depths:4 | Escaped the Abyss
 53712 | Zot:1    | Entered Level 1 of the Realm of Zot
 53738 | Zot:1    | Reached skill level 18 in Fighting
 54105 | Zot:2    | Reached skill level 6 in Evocations
 54334 | Zot:3    | Noticed a shard shrike
 54366 | Zot:3    | Killed a shard shrike
 54370 | Zot:3    | Reached XP level 25. HP: 174/183 MP: 24/30
 54384 | Zot:3    | Received a gift from Okawaru
 54393 | Zot:3    | Noticed an orb of fire
 54428 | Zot:3    | Killed an orb of fire
 54428 | Zot:3    | Received a gift from Okawaru
 54612 | Zot:4    | Received a gift from Okawaru
 54924 | Zot:4    | Identified the +2 helmet "Qaull" {+Blink rPois rCorr Stlth+} (You acquired it on level 4 of the Realm of Zot)
 55006 | Zot:4    | Noticed a curse toe
 55065 | Zot:4    | Noticed an orb of fire
 55085 | Zot:4    | Killed an orb of fire
 55100 | Zot:4    | Killed a curse toe
 55754 | Zot:4    | Received a gift from Okawaru
 56378 | Zot:4    | Reached skill level 21 in Dodging
 56608 | Zot:5    | Entered Level 5 of the Realm of Zot
 56627 | Zot:5    | Received a gift from Okawaru
 57195 | Zot:5    | Reached XP level 26. HP: 191/191 MP: 30/30
 57298 | Zot:5    | Noticed an ancient lich
 57309 | Zot:5    | Killed an ancient lich
 57309 | Zot:5    | Reached skill level 9 in Evocations
 57413 | Zot:5    | Noticed an orb of fire
 57441 | Zot:5    | Killed an orb of fire
 57450 | Zot:5    | Noticed an ancient lich
 57456 | Zot:5    | Killed an ancient lich
 57486 | Zot:5    | Noticed an ancient lich
 57499 | Zot:5    | Killed an ancient lich
 57543 | Zot:5    | Noticed an orb of fire
 57569 | Zot:5    | Noticed an orb of fire
 57602 | Zot:5    | Killed an orb of fire
 57602 | Zot:5    | Received a gift from Okawaru
 57659 | Zot:5    | Killed an orb of fire
 57662 | Zot:5    | Noticed an ancient lich
 57694 | Zot:5    | Noticed a Killer Klown
 57712 | Zot:5    | Killed a Killer Klown
 57737 | Zot:5    | Killed an ancient lich
 58019 | Zot:5    | Noticed an ancient lich
 58041 | Zot:5    | Noticed a curse toe
 58054 | Zot:5    | Killed an ancient lich
 58157 | Zot:5    | Reached skill level 21 in Stealth
 58310 | Zot:5    | Received a gift from Okawaru
 58705 | Zot:5    | Noticed an orb of fire
 58725 | Zot:5    | Killed an orb of fire
 58836 | Zot:5    | Noticed an orb of fire
 58845 | Zot:5    | Gained mutation: You are occasionally teleported next to monsters. [an orb of fire]
 58876 | Zot:5    | Killed an orb of fire
 58876 | Zot:5    | Reached XP level 27. HP: 79/199 MP: 26/30
 58877 | Zot:5    | Lost mutation: You are occasionally teleported next to monsters. [potion of mutation]
 58877 | Zot:5    | Lost mutation: Your body sometimes deteriorates upon taking damage. [potion of mutation]
 59472 | Zot:5    | Noticed an ancient lich
 59493 | Zot:5    | Killed an ancient lich
 59493 | Zot:5    | Received a gift from Okawaru
 59593 | Zot:5    | Noticed an orb of fire
 59665 | Zot:5    | Killed from afar by an orb of fire

Skill      XL: |  1  2  3  4  5  6  7  8  9 10 11 12 13 14 15 16 17 18 19 20 21 22 23 24 25 26 27 |
---------------+----------------------------------------------------------------------------------+-----
Short Blades   | 4 5 6 7 8 9 10 11 12 | 12.5
Fighting       | 3 4 5 6 7 8 9 10 11 12 13 14 15 16 17 18 19 | 19.3
Dodging        | 4 5 6 7 9 11 12 13 14 15 16 17 18 19 20 21 | 21.9
Stealth        | 3 4 7 9 10 12 13 15 16 17 18 19 20 21 | 21.4
Slings         | 2 3 5 8 9 11 12 13 14 | 14.1
Armour         | 4 5 7 9 10 11 12 13 14 15 16 17 18 19 20 | 20.8
Invocations    | 3 5 7 9 10 | 10.0
Evocations     | 2 5 6 8 10 11 | 11.0
Shields        | 5 7 |  7.8

Action                   |  1- 3 |  4- 6 |  7- 9 | 10-12 | 13-15 | 16-18 | 19-21 | 22-24 | 25-27 || total
-------------------------+-------+-------+-------+-------+-------+-------+-------+-------+-------++-------
Melee: Short sword       |   113 |   180 |   453 |   704 |   509 |       |       |       |       ||  1959
       Rapier            |       |       |       |    65 |       |       |       |       |       ||    65
       Punch             |       |       |       |    10 |    42 |    10 |    14 |       |       ||    76
       Knife             |       |       |       |       |  1351 |   468 |   676 |   263 |   230 ||  2988
 Fire: Hunting sling     |       |       |    85 |   120 |   361 |  1678 |   267 |       |       ||  2511
       Fustibalus        |       |       |       |       |       |       |  1009 |  1553 |   904 ||  3466
Throw: Throwing net      |       |       |       |       |     2 |     5 |       |       |     2 ||     9
Invok: Heroism           |       |       |     2 |    18 |    30 |    18 |    17 |    26 |    15 ||   126
       Finesse           |       |       |       |     2 |    11 |    11 |     8 |    12 |    10 ||    54
 Abil: Evoke Invisibilit |       |       |       |       |       |       |     1 |     4 |     8 ||    13
Evoke: Wand              |       |       |       |     3 |     5 |     5 |     3 |    11 |     5 ||    32
       Phial of floods   |       |       |       |       |       |     1 |     1 |     1 |     2 ||     5
  Use: Potion            |       |     1 |     9 |       |       |     1 |     2 |     3 |    19 ||    35
       Scroll            |       |       |       |    11 |    19 |    13 |    13 |    17 |    10 ||    83
 Stab: Sleeping          |     6 |     6 |     2 |    16 |    15 |     9 |    12 |    12 |     8 ||    86
       Distracted        |       |     1 |     4 |     2 |     3 |     4 |     3 |       |     1 ||    18
       Invisible         |       |       |     2 |       |       |       |    13 |    10 |    52 ||    77
       Confused          |       |       |       |       |    14 |       |       |       |       ||    14
       Held in net/web   |       |       |       |       |       |       |       |       |     1 ||     1
  Eat: Chunk             |     2 |     8 |    14 |    20 |    23 |    22 |    21 |    14 |     1 ||   125
       Fruit             |       |       |       |       |    10 |       |       |       |       ||    10
       Meat ration       |       |       |       |       |       |     2 |     2 |     3 |     2 ||     9
       Royal jelly       |       |       |       |       |       |       |       |     3 |       ||     3
Armor: Robe              |    11 |       |       |       |       |       |       |       |       ||    11
       Leather armour    |       |     8 |    40 |       |       |       |       |       |       ||    48
       Ring mail         |       |       |       |    97 |   261 |   114 |    86 |       |       ||   558
       Chain mail        |       |       |       |    14 |       |       |   138 |   208 |       ||   360
       Fire dragon scale |       |       |       |       |       |       |       |    19 |   101 ||   120
Dodge: Dodged            |    85 |   131 |   350 |   460 |  1532 |   680 |  1138 |   516 |   352 ||  5244
Block: Other             |       |       |       |       |   151 |    73 |   113 |       |       ||   337
       Reflection        |       |       |       |       |     4 |     9 |     6 |    41 |     1 ||    61
       Buckler           |       |       |       |       |       |       |    37 |   481 |   226 ||   744
